 Dungeon Crawl Stone Soup version 0.25.0-46-gbd7b0854d2 (webtiles) character file.

Game seed: 3319016346263834570

6447 ANON1729 the Cudgeler (level 10, -11/100 HPs)
             Began as a Troll Gladiator on July 13, 2020.
             Mangled by an ice dragon (14 damage)
             ... on level 1 of the Lair of Beasts.
             The game lasted 00:17:20 (8471 turns).

ANON1729 the Cudgeler (Troll Gladiator)             Turns: 8471, Time: 00:17:23

Health: -11/100    AC:  9    Str: 26    XL:     10   Next: 67%
Magic:  9/9        EV: 13    Int:  5    God:
Gold:   250        SH:  0    Dex: 11    Spells: 9/9 levels left

rFire    + . .     SeeInvis +   y - +9 flail of an ice cave {vorpal, rN+ SInv Stlth-}
rCold    . . .     Gourm    +   (no shield)
rNeg     + . .     Faith    +   s - +2 robe {rF+}
rPois    .         Spirit   .   c - +0 hat
rElec    .         Reflect  .   w - +0 cloak
rCorr    .         Harm     .   (gloves unavailable)
MR       .....                  (boots unavailable)
Stlth    ..........             k - amulet of faith
HPRegen  0.66/turn              (no ring)
MPRegen  0.11/turn              (no ring)

@: mighty, lightly drained
A: large, unfitting armour, claws 3, fast metabolism 3, gourmand, regeneration
1, shaggy fur 1, tough skin 3
a: no special abilities


You were on level 1 of the Lair of Beasts.
You were very full.

You visited 3 branches of the dungeon, and saw 11 of its levels.

You collected 505 gold pieces.
You spent 255 gold pieces at shops.

Inventory:

Hand Weapons
 r - the +1 dagger of Brawling {vorpal, rElec Str+3 Dex+3 Stlth+}
   (You found it on level 4 of the Dungeon)

   It inflicts extra damage upon your enemies.
   It affects your strength (+3).
   It affects your dexterity (+3).
   It insulates you from electricity.
   It makes you more stealthy.
 y - the +9 flail of an ice cave (weapon) {vorpal, rN+ SInv Stlth-}
   (You bought it in a shop on level 4 of the Dungeon)

   It inflicts extra damage upon your enemies.
   It protects you from negative energy.
   It lets you see invisible.
   It makes you less stealthy.
Missiles
 d - 3 throwing nets (quivered)
Armour
 b - a +0 robe
 c - a +0 hat (worn)
 s - a +2 robe of fire resistance (worn)
 w - a +0 cloak (worn)
 x - +0 acid dragon scales
Jewellery
 k - an amulet of faith (around neck)
 C - an uncursed ring of protection from fire {unknown}
Wands
 h - a wand of polymorph (11)
 A - a wand of flame (16)
 B - a wand of clouds (1)
 G - a wand of digging (7)
Scrolls
 e - 3 scrolls of remove curse
 g - 2 scrolls of magic mapping
 o - 6 scrolls of identify
 q - a scroll of enchant weapon {unknown}
 t - a scroll of noise
 u - a scroll of teleportation {unknown}
 z - a scroll of random uselessness {unknown}
 D - a scroll of vulnerability {unknown}
 E - a scroll of fear {unknown}
 F - a scroll of blinking {unknown}
Potions
 a - a potion of haste {unknown}
 i - 3 potions of brilliance
 j - a potion of ambrosia {unknown}
 l - 4 potions of curing
 m - a potion of magic
 n - 2 potions of flight {unknown}
 p - 2 potions of heal wounds {unknown}
 H - a potion of mutation {unknown}
Comestibles
 f - 20 rations


   Skills:
 + Level 6.9(6.8) Fighting
 + Level 7.9(7.8) Maces & Flails
 + Level 7.6 Throwing
 + Level 2.3(2.2) Armour
 - Level 7.0(6.9) Dodging


You had 9 spell levels left.
You didn't know any spells.
Your spell library was empty.

Dungeon Overview and Level Annotations

Branches:
Dungeon (9/15)             Temple (1/1) D:6            Lair (1/6) D:9
    Orc: D:9-12

Altars:
Ashenzari
Cheibriados
Dithmenos
Elyvilon
Fedhas
Gozag
Hepliaklqana
Kikubaaqudgha
Makhleb
Nemelex Xobeh
Okawaru
Qazlal
Ru
Sif Muna
Trog
Uskayaw
Vehumet
Wu Jian
Xom
Yredelemnul
Zin
The Shining One

Shops:
D:4 (

Annotations:
D:5 Prince Ribbit


Innate Abilities, Weirdness & Mutations

You are too large for most types of armour.
You have claws for hands.
Your metabolism is lightning-fast.
You like to eat raw meat.
Your natural rate of healing is unusually fast.
You are covered in fur. (AC +1)
You have extremely tough skin. (AC +3)


Message History

You sock the ice dragon!
The ice dragon is severely wounded.
The ice dragon bites you! The ice dragon claws you!
* * * LOW HITPOINT WARNING * * *
The ice dragon misses you.
You closely miss the ice dragon.
The ice dragon is severely wounded.
The ice dragon misses you. The ice dragon claws you.
* * * LOW HITPOINT WARNING * * *
The ice dragon tramples you!
* * * LOW HITPOINT WARNING * * *
You stumble backwards!
You sock the ice dragon!
The ice dragon is almost dead.
The ice dragon bites you.
* * * LOW HITPOINT WARNING * * *
The ice dragon claws you.
* * * LOW HITPOINT WARNING * * *
The ice dragon tramples you!
You die...

### #.## #..## #...#
#...##### ##....#.#
#......### ##........##
#........@.##
##.........D.##
#.............#
#.............#
##................#
#...............##
###................. ##.
#....................#
##..##.....................


You could see an ice dragon.

Vanquished Creatures
  Erica (D:8)
  Pikel (D:6)
  Maggie (D:6)
  A hornet (D:8)
  A hippogriff (D:8)
  Grinder (D:5)
  Sigmund (D:5)
  5 yaks
  2 water moccasins
  A porcupine (Lair:1)
  An orc warrior (D:6)
  4 sky beasts
  A black bear (D:7)
  2 ice beasts
  3 phantoms
  An ogre (D:7)
  2 centaurs (D:6)
  A crocodile (Lair:1)
  A big kobold (D:8)
  Blork the orc (D:6)
  A bullfrog (D:8)
  A water moccasin zombie (D:8)
  2 scorpions
  13 wights
  2 crimson imps
  2 bullfrog zombies (D:7)
  8 orc wizards
  A bullfrog skeleton (D:5)
  An orc priest (D:6)
  Crazy Yiuf (D:2)
  5 hounds
  2 jellies
  3 centaur skeletons
  2 iguanas
  3 worker ants
  Terence (D:2)
  A hound zombie (D:8)
  A mummy (D:8)
  A worker ant zombie (D:5)
  7 gnolls
  6 adders
  An ooze (D:1)
  3 adder zombies
  4 worms
  2 dart slugs (D:2)
  4 leopard geckos
  25 orcs
  3 bats
  3 giant cockroaches
  9 goblins
  6 hobgoblins
  2 quokkas
  4 ball pythons
  5 frilled lizards
  7 kobolds
  A leopard gecko zombie (D:8)
  A quokka zombie (D:7)
  5 rats
181 creatures vanquished.

Vanquished Creatures (others)
  3 slaves (D:6)
  An adder (D:6)
4 creatures vanquished.

Grand Total: 185 creatures vanquished

Notes
Turn   | Place    | Note
-------+----------+-------------------------------------------
     0 | D:1      | ANON1729 the Troll Gladiator began the quest for the Orb.
     0 | D:1      | Reached XP level 1. HP: 19/19 MP: 0/0
   203 | D:1      | Reached XP level 2. HP: 28/28 MP: 1/1
   575 | D:2      | Noticed Terence
   676 | D:3      | Reached XP level 3. HP: 20/35 MP: 2/2
   798 | D:4      | Reached XP level 4. HP: 42/42 MP: 3/3
   826 | D:4      | Found Riaramoc's Antique Weapon Shop.
   878 | D:4      | Noticed a phantom
   905 | D:4      | You fall into a shaft and drop 1 floor!
   905 | D:5      | Entered Level 5 of the Dungeon
   919 | D:5      | Noticed Grinder
   963 | D:5      | Paralysed by Grinder for 6 turns
   978 | D:5      | Paralysed by Grinder for 7 turns
   987 | D:5      | Paralysed by Grinder for 2 turns
  1010 | D:5      | Killed Grinder
  1010 | D:5      | Reached XP level 5. HP: 52/52 MP: 4/4
  1010 | D:5      | Reached XP level 6. HP: 59/59 MP: 5/5
  1358 | D:5      | Found a sacrificial altar of Ru.
  1358 | D:5      | Found a shattered altar of Ashenzari.
  1361 | D:5      | Found a hide-covered altar of Uskayaw.
  1529 | D:5      | Noticed Prince Ribbit
  1877 | D:5      | Noticed Sigmund
  2096 | D:4      | Found a blossoming altar of Fedhas.
  2096 | D:4      | Found an ancient bone altar of Kikubaaqudgha.
  2375 | D:4      | Reached XP level 7. HP: 11/67 MP: 6/6
  2483 | D:4      | You fall into a shaft and drop 1 floor!
  2531 | D:4      | Got a faintly glowing dagger
  2532 | D:4      | Identified the cursed +1 dagger of Brawling {vorpal, rElec
                  | Str+3 Dex+3 Stlth+} (You found it on level 4 of the
                  | Dungeon)
  3470 | D:2      | Found a runed translucent door.
  3471 | D:2      | Noticed Crazy Yiuf
  3567 | D:2      | Killed Terence
  3987 | D:2      | Killed Crazy Yiuf
  4136 | D:5      | Killed Sigmund
  4136 | D:5      | Reached skill level 5 in Maces & Flails
  4136 | D:5      | Reached XP level 8. HP: 38/78 MP: 7/7
  4256 | D:4      | Bought a brightly glowing flail for 255 gold pieces
  4256 | D:4      | Identified the +9 flail of an ice cave {vorpal, rN+ SInv
                  | Stlth-} (You bought it in a shop on level 4 of the Dungeon)
  4587 | D:6      | Noticed Pikel
  4598 | D:6      | Killed Pikel
  4598 | D:6      | Reached skill level 5 in Throwing
  4598 | D:6      | Reached skill level 5 in Dodging
  4704 | D:6      | Noticed Blork the orc
  4712 | D:6      | Killed Blork the orc
  4916 | D:6      | Noticed Maggie
  4930 | D:6      | Killed Maggie
  4930 | D:6      | Reached skill level 5 in Fighting
  4930 | D:6      | Reached XP level 9. HP: 55/88 MP: 8/8
  5026 | D:6      | Found an opulent altar of Gozag.
  5068 | D:6      | Found a staircase to the Ecumenical Temple.
  5082 | Temple   | Entered the Ecumenical Temple
  6831 | D:8      | Found a snail-covered altar of Cheibriados.
  7014 | D:8      | Reached XP level 10. HP: 73/98 MP: 9/9
  7092 | D:8      | Found a glowing golden altar of the Shining One.
  7283 | D:8      | Found a glowing silver altar of Zin.
  7283 | D:8      | Found an ornate altar of the Wu Jian Council.
  7283 | D:8      | Found a shadowy altar of Dithmenos.
  7283 | D:8      | Found an iron altar of Okawaru.
  7301 | D:8      | Found a glowing golden altar of the Shining One.
  7301 | D:8      | Found a burning altar of Makhleb.
  7630 | D:8      | Noticed Erica
  7789 | D:8      | Killed Erica
  7789 | D:8      | Reached skill level 1 in Armour
  8258 | D:9      | Found a staircase to the Lair.
  8287 | Lair:1   | Entered Level 1 of the Lair of Beasts
  8456 | Lair:1   | Noticed a six-headed hydra
  8460 | Lair:1   | Noticed an ice dragon
  8460 | Lair:1   | a six-headed hydra changed into an ice dragon
  8471 | Lair:1   | HP: 5/100 [ice dragon (5)]
  8471 | Lair:1   | Mangled by an ice dragon

Illustrated notes

Levels and vault maps discovered:
D:1:      co_arrival_square_in_a_square_in_a_square, layout_basic
D:2:      layout_loops_ring, first_ration, minmay_misc_feat_diagonals,
          uniq_terence, uniq_crazy_yiuf_cottage
D:3:      layout_rooms
D:4:      layout_rooms, grunt_temple_overflow_growth_and_decay, serial_shops,
          nicolae_shop_stone
D:5:      layout_layer_cave, minitemple, uniq_prince_ribbit1, uniq_grinder,
          uniq_sigmund
D:6:      layout_basic, old_standard_altar, minmay_temple_entry_statues_pillars,
          uniq_maggie, uniq_pikel, uniq_blork_the_orc
D:7:      layout_basic, minmay_misc_feat_tower
D:8:      layout_basic, minmay_overflow_temple_hex, slow_altar_2, basic_altar,
          uniq_erica
D:9:      layout_small_grid, lair_entry_dummy, serial_shops,
          kennysheep_mini_moat
Temple:   jpeg_temple_island
Lair:1:   layout_cave_pods, lemuel_fruit_tree

Skill      XL: |  1  2  3  4  5  6  7  8  9 10 |
---------------+-------------------------------+-----
Throwing       | 2 3 4 5 6 7 |  7.6
Maces & Flails | 3 4 5 6 7 |  7.9
Fighting       | 2 3 4 5 6 |  6.9
Dodging        | 3 4 5 6 7 |  7.0
Armour         | 2 |  2.3

Action                   |  1- 3 |  4- 6 |  7- 9 | 10-12 || total
-------------------------+-------+-------+-------+-------++-------
Melee: Flail             |    96 |   172 |   251 |   105 ||   624
       Unarmed           |       |     1 |       |     3 ||     4
       Mace              |       |       |    63 |       ||    63
Throw: Throwing net      |       |     3 |       |     1 ||     4
Evoke: Wand              |       |     3 |       |     6 ||     9
  Use: Scroll            |       |     4 |     1 |     1 ||     6
       Potion            |       |     1 |       |     3 ||     4
 Stab: Sleeping          |     1 |       |     1 |       ||     2
  Eat: Chunk             |    13 |     9 |    47 |    15 ||    84
Armor: Robe              |    51 |    40 |    78 |    27 ||   196
       Skin              |       |    15 |       |     1 ||    16
Dodge: Dodged            |    70 |    87 |   208 |    82 ||   447
